 Dungeon Crawl Stone Soup version 0.19.5 (webtiles) character file.

358 Gargoyl the Skirmisher (level 6, -2/53 HPs)
             Began as a Ghoul Abyssal Knight on Apr 24, 2017.
             Was a Believer of Lugonu.
             Killed from afar by an orc wizard (4 damage)
             ... with a magic dart
             ... on level 4 of the Dungeon.
             The game lasted 00:08:07 (3371 turns).

Gargoyl the Skirmisher (Ghoul Abyssal Knight)       Turns: 3371, Time: 00:08:07

Health: -2/53      AC: 10    Str: 16    XL:     6   Next: 64%
Magic:  4/7        EV:  4    Int:  7    God:    Lugonu [**....]
Gold:   161        SH:  8    Dex: 10    Spells: 0 memorised, 5 levels left

rFire  . . .     SeeInvis .     a - +1 hand axe
rCold  + . .     Gourm    .     g - +0 chain mail
rNeg   + + +     Faith    .     e - +1 shield
rPois  ∞         Spirit   .     f - +0 helmet
rElec  .         Reflect  .     (no cloak)
rCorr  .         Harm     .     (no gloves)
MR     .....                    (no boots)
Stlth  ..........               (no amulet)
                                (no ring)
                                (no ring)

@: rotting, slowed, very slow
A: rotting body, claws 1, carnivore 3, cold resistance 1, negative energy
resistance 3, slow regeneration 1, torment resistance, unbreathing
a: Depart the Abyss, Bend Space, Renounce Religion


You were on level 4 of the Dungeon.
You worshipped Lugonu.
Lugonu was pleased with you.
You were not hungry.

You visited 1 branch of the dungeon, and saw 4 of its levels.
You visited the Abyss 1 time.

You collected 161 gold pieces.

Inventory:

Hand Weapons
 a - a +1 hand axe (weapon)
 q - a +1 vampiric trident
Armour
 e - a +1 shield (worn)
 f - a +0 helmet (worn)
 g - a +0 chain mail (worn)
Wands
 m - a wand of paralysis (13/24)
 n - a wand of slowing (18/48)
Scrolls
 b - a scroll of remove curse
 r - a scroll of recharging {unknown}
Comestibles
 c - a meat ration
 h - a slice of pizza
 i - 6 chunks of flesh


   Skills:
 + Level 4.5 Fighting
 + Level 3.1(3.3) Axes
 + Level 1.1(2.3) Polearms
 * Level 3.5 Armour
 + Level 1.3 Dodging
 + Level 1.5 Shields
 * Level 3.0 Invocations


You had 5 spell levels left.
You didn't know any spells.

Dungeon Overview and Level Annotations

Branches:
Dungeon (4/15)
 Temple: D:4-7

Altars:
Ashenzari
Cheibriados
Gozag
Kikubaaqudgha
Okawaru
Sif Muna
Uskayaw

Annotations:
D:3 VanClaymore's ghost, amateur MfGl


Innate Abilities, Weirdness & Mutations

Your body is rotting away.
You thrive on raw meat.
You are immune to poison.
You have sharp fingernails.
You are carnivorous and can eat meat at any time.
Your flesh is cold resistant. (rC+)
You are immune to negative energy. (rN+++)
You regenerate slowly when monsters are visible.
You are immune to unholy pain and torment.
You can survive without breathing.


Message History

You feel your power leaking away. Something hits you but does no damage.
The orc wizard hits you with a dagger.
* * * LOW HITPOINT WARNING * * *
You closely miss the orc.
The orc is heavily wounded.
Your shield and chain mail prevent you from hitting the orc wizard.
You closely miss something.
An orc wizard appears from thin air!
Reactivating autopickup.
The orc wizard hits you but does no damage.
The orc hits you but does no damage.
The orc wizard hits you but does no damage.
The orc wizard gestures at you while chanting.
The puff of flame hits you! You block the orc's attack.
Your chain mail prevents you from hitting the orc.
The orc is heavily wounded.
You hit the orc wizard but do no damage.
You hit the orc wizard. You block the orc wizard's attack.
The orc wizard points at you and mumbles some strange words.
The magic dart hits you!
You die...

#... #.#.......# #
###. #.#.......# #
#.# ##.#.......# #
#.##.##.#.......# #
###..#.##.#.......#
#
+......##)#.......#
#
####o####.#.......#
# #o## #.#.......###
#@o# #)#..........
##o###.#......####
#######..##.########
.........##.#
..........#.#
..........#.#
..........#.#
.####...#.#.#
#...#.#.######


You could see 2 orc wizards and 2 orcs.

Vanquished Creatures
  2 orc priests
  3 orc wizards
  Ijyb (D:2)
  Natasha (D:3)
  A worker ant (D:1)
  3 gnolls
  2 adders
  An adder skeleton (D:4)
  A worm (D:3)
  A dart slug (D:1)
  7 orcs
  5 giant cockroaches
  15 goblins
  6 hobgoblins
  10 jackals
  A ball python (D:2)
  5 bats
  4 frilled lizards (D:2)
  7 kobolds
  8 rats
84 creatures vanquished.

Notes
Turn   | Place    | Note
-------+----------+-------------------------------------------
     0 | Abyss:1  | Gargoyl the Ghoul Abyssal Knight began the quest for the Orb.
     0 | Abyss:1  | Reached XP level 1. HP: 19/19 MP: 1/1
     8 | Abyss:2  | Found a corrupted altar of Lugonu.
    31 | Abyss:2  | Noticed a starcursed mass
    37 | D:1      | Escaped the Abyss
   544 | D:1      | Reached XP level 2. HP: 25/26 MP: 2/2
   567 | D:1      | Reached * piety under Lugonu
   638 | D:1      | Reached skill level 1 in Dodging
  1086 | D:1      | Reached XP level 3. HP: 6/33 MP: 3/3
  1503 | D:2      | Found a snail-covered altar of Cheibriados.
  1614 | D:2      | Reached XP level 4. HP: 37/40 MP: 4/4
  1923 | D:2      | Noticed Ijyb
  1933 | D:2      | Reached ** piety under Lugonu
  1950 | D:2      | Killed Ijyb
  1950 | D:2      | Reached XP level 5. HP: 40/46 MP: 6/6
  1950 | D:2      | Reached skill level 4 in Fighting
  2070 | D:3      | Noticed Natasha
  2110 | D:3      | Killed Natasha
  2411 | D:3      | Found a shattered altar of Ashenzari.
  2411 | D:3      | Found a deep blue altar of Sif Muna.
  2411 | D:3      | Found an opulent altar of Gozag.
  2413 | D:3      | Found an ancient bone altar of Kikubaaqudgha.
  2416 | D:3      | Found an iron altar of Okawaru.
  2417 | D:3      | Found a hide-covered altar of Uskayaw.
  2735 | D:2      | Reached skill level 1 in Shields
  2981 | D:3      | Reached XP level 6. HP: 50/52 MP: 7/7
  2998 | D:3      | Noticed VanClaymore's ghost (amateur MfGl)
  3132 | D:4      | Reached skill level 1 in Polearms
  3365 | D:4      | HP: 2/53 [something/puff of flame (8)]
  3371 | D:4      | Killed from afar by an orc wizard

Skill      XL: |  1  2  3  4  5  6 |
---------------+-------------------+-----
Axes           | 2 3 |  3.1
Dodging        | 1 |  1.3
Armour         | 2 3 |  3.5
Fighting       | 4 |  4.5
Shields        | 1 |  1.5
Polearms       | 1 |  1.1
Invocations    | 3 |  3.0

Action                   |  1- 3 |  4- 6 || total
-------------------------+-------+-------++-------
Melee: Hand axe          |   130 |   138 ||   268
       Trident           |       |   139 ||   139
Invok: Depart the Abyss  |     1 |       ||     1
  Use: Scroll            |     5 |     1 ||     6
       Potion            |       |     6 ||     6
  Eat: Chunk             |    18 |    28 ||    46
Armor: Leather armour    |    12 |       ||    12
       Chain mail        |    80 |   260 ||   340
Dodge: Dodged            |    34 |    79 ||   113
Block: Shield            |    59 |   182 ||   241
